 Dungeon Crawl Stone Soup version 0.20-b1-24-gb21faa7 (webtiles) character file.

146 Tulse the Ducker (level 5, 0/31 HPs)
             Began as an Octopode Ice Elementalist on May 25, 2017.
             Slain by an ice beast (4 damage)
             ... on level 3 of the Dungeon.
             The game lasted 00:21:10 (4689 turns).

Tulse the Ducker (Octopode Ice Elementalist)        Turns: 4689, Time: 00:21:11

Health: 0/31       AC:  6    Str:  7    XL:     5   Next: 28%
Magic:  7/8        EV: 15    Int: 18    God:
Gold:   99         SH:  0    Dex: 13    Spells: 2/8 levels left

rFire    . . .     SeeInvis .   h - +2 short sword (venom)
rCold    + . .     Gourm    .   (no shield)
rNeg     . . .     Faith    .   (helmet restricted)
rPois    +         Spirit   .   (no amulet)
rElec    .         Reflect  .   C - ring of poison resistance
rCorr    .         Harm     .   x - ring of protection from cold
MR       .....                  (no ring)
Stlth    +++.......             (no ring)
Regen    0.1/turn               (no ring)
MPRegen  0.2/turn               (no ring)
                                (no ring)
                                (no ring)

@: icy armour, slow
A: almost no armour, stealthy swim, amphibious, 8 rings, constrict 8, camouflage
1, gelatinous body 1
a: no special abilities


You were on level 3 of the Dungeon.
You were hungry.

You visited 1 branch of the dungeon, and saw 4 of its levels.

You collected 99 gold pieces.

Inventory:

Hand Weapons
 a - a +0 rapier
 b - a +0 hunting sling
 h - a +2 short sword of venom (weapon)
 B - a +0 trident
 D - a +3 spear
Missiles
 d - 5 tomahawks (quivered)
 f - 94 stones
 k - 31 arrows
 q - 10 sling bullets
 u - 56 bolts
Jewellery
 m - an uncursed amulet of guardian spirit {unknown}
 v - an uncursed ring of fire
 w - an uncursed amulet of faith {unknown}
 x - a ring of protection from cold (right tentacle)
 C - a ring of poison resistance (left tentacle)
Scrolls
 g - 3 scrolls of identify {unknown}
 j - a scroll of random uselessness {unknown}
 o - a scroll of immolation {unknown}
 p - a scroll of recharging {unknown}
 t - 3 scrolls of remove curse {unknown}
 y - a scroll of teleportation {unknown}
Potions
 c - a potion of degeneration {unknown}
 e - 4 potions of curing {unknown}
 i - a potion of resistance {unknown}
 n - a potion of flight {unknown}
Books
 r - a book of Frost

   Spells                             Type                      Level
   a - Freeze                         Ice                          1
   b - Throw Frost                    Conjuration/Ice              2
   c - Ozocubu's Armour               Charms/Ice                   3
   d - Throw Icicle                   Conjuration/Ice              4
   e - Summon Ice Beast               Ice/Summoning                4
Comestibles
 l - 3 meat rations
 s - 3 bread rations


   Skills:
 + Level 4.4 Dodging
 - Level 3.1 Stealth
 - Level 2.0 Spellcasting
 - Level 1.0 Conjurations
 - Level 4.0 Ice Magic


You had 2 spell levels left.
You knew the following spells:

 Your Spells              Type           Power        Failure   Level  Hunger
a - Freeze                Ice            ###.         3%          1    #......
b - Throw Frost           Conj/Ice       ##....       10%         2    ###....
c - Ozocubu's Armour      Chrm/Ice       #.......     24%         3    ###....


Dungeon Overview and Level Annotations

Branches:
Dungeon (4/15)
 Temple: D:4-7

Altars:


Innate Abilities, Weirdness & Mutations

You cannot wear most types of armour.
You are very stealthy in the water. (Stealth+)
You are amphibious.
You can wear up to eight rings at the same time.
You can use your tentacles to constrict eight enemies at once.
Your skin changes colour to match your surroundings (Stealth+).
Your rubbery body absorbs attacks. (AC +1, EV +1)


Message History

The ice beast hits you. The ice beast freezes you. You resist.
You hit the ice beast.
The ice beast is heavily wounded.
The ice beast completely misses you. The ice beast hits you.
The ice beast freezes you. You resist.
You hit the ice beast but do no damage.
You squeeze the ice beast, but do no damage.
The ice beast is heavily wounded.
The ice beast barely misses you.
You hit the ice beast but do no damage.
The ice beast is poisoned.
Your squeeze misses the ice beast.
The ice beast is heavily wounded.
The ice beast hits you.
* * * LOW HITPOINT WARNING * * *
The ice beast freezes you. You resist.
* * * LOW HITPOINT WARNING * * *
The ice beast hits you.
* * * LOW HITPOINT WARNING * * *
The ice beast freezes you. You resist.
You die...

#############
#......)....#
#.#########.# #.#
#.###########
#.#########.#...##....#
#.##..@.......#.#.....#
###.#..Y#####..##.#.....#
#...#.........>.#.#......
#.#<#.###########.#......
#.#.............#.#####..
#.#.#...#####..##.....#..
#.#.#..##.####.######.#..
#.#.#..........# #.#.#..
#.#....###.##### #.#.#..


You could see an ice beast.

Vanquished Creatures
  A bullfrog skeleton (D:4)
  A gnoll (D:1)
  3 adders (D:2)
  A worm (D:2)
  6 dart slugs (D:1)
  3 leopard geckos
  3 orcs (D:3)
  7 bats
  5 giant cockroaches
  3 goblins
  8 hobgoblins
  2 quokkas
  A ball python (D:1)
  6 frilled lizards
  6 kobolds
  A leopard gecko skeleton (D:4)
  7 rats
64 creatures vanquished.

Notes
Turn   | Place    | Note
-------+----------+-------------------------------------------
     0 | D:1      | Tulse the Octopode Ice Elementalist began the quest for the Orb.
     0 | D:1      | Reached XP level 1. HP: 11/11 MP: 3/3
   211 | D:1      | Reached XP level 2. HP: 17/17 MP: 1/5
   487 | D:1      | Learned a level 2 spell: Throw Frost
   666 | D:1      | Reached XP level 3. HP: 16/21 MP: 6/6
  1072 | D:1      | Learned a level 3 spell: Ozocubu's Armour
  1585 | D:2      | Reached XP level 4. HP: 27/27 MP: 7/7
  3778 | D:3      | Reached XP level 5. HP: 13/31 MP: 5/8
  4062 | D:4      | Noticed an ice beast
  4689 | D:3      | Slain by an ice beast

Skill      XL: |  1  2  3  4 |
---------------+-------------+-----
Stealth        | 3 |  3.1
Ice Magic      | 4 |  4.0
Dodging        | 3 4 |  4.4
Spellcasting   | |  2.0
Conjurations   | |  1.0

Action                   |  1- 3 |  4- 6 || total
-------------------------+-------+-------++-------
Melee: Unarmed           |     5 |       ||     5
       Constrict         |    17 |    14 ||    31
       Hand axe          |    45 |    22 ||    67
       Tentacles         |     3 |     6 ||     9
       Rapier            |       |    18 ||    18
       Short sword       |       |    35 ||    35
Throw: Tomahawk          |     1 |     6 ||     7
 Cast: Freeze            |    20 |    17 ||    37
       Throw Frost       |     1 |    13 ||    14
       Ozocubu's Armour  |     1 |     3 ||     4
 Stab: Sleeping          |    10 |     3 ||    13
  Eat: Chunk             |     3 |     7 ||    10
       Royal jelly       |       |     1 ||     1
       Fruit             |       |     1 ||     1
Armor: Skin              |     7 |    18 ||    25
Dodge: Dodged            |    38 |    97 ||   135
